 Dungeon Crawl Stone Soup version 0.24-a0-375-g4de66ed42b (webtiles) character file.

Game seed: 12130282473566985816

6805 Kuinu the Fighter (level 10, -1/95 HPs)
             Began as a Minotaur Berserker on May 31, 2019.
             Was a High Priest of Trog.
             Slain by an orc warlord
             ... wielding a +2 battleaxe
              (23 damage)
             ... in a bailey.
             The game lasted 00:19:47 (5902 turns).

Kuinu the Fighter (Minotaur Berserker)              Turns: 5902, Time: 00:19:47

Health: -1/95      AC: 20    Str: 27    XL:     10   Next: 77%
Magic:  9/9        EV: 10    Int:  4    God:    Trog [*****.]
Gold:   242        SH:  0    Dex: 10    Spells: 9/9 levels left

rFire    . . .     SeeInvis .   d - +2 war axe of Ragnarok {chop, rPois Str+2}
rCold    . . .     Gourm    .   (no shield)
rNeg     + . .     Faith    .   M - +0 plate armour
rPois    +         Spirit   .   (helmet restricted)
rElec    .         Reflect  .   O - +0 cloak
rCorr    .         Harm     .   (no gloves)
MR       ++...                  (no boots)
Stlth    ..........             (no amulet)
HPRegen  1.25/turn              f - +4 ring of protection
MPRegen  0.11/turn              o - ring of positive energy

@: berserk cooldown, regenerating, slowed, very slow
A: retaliatory headbutt, horns 2
a: Berserk, Trog's Hand, Brothers in Arms, Renounce Religion


You were in a bailey.
You worshipped Trog.
Trog was extremely pleased with you.
You were near starving.

You visited 1 branch of the dungeon, and saw 8 of its levels.
You also visited: Bailey.

You collected 463 gold pieces.
You spent 221 gold pieces at shops.

Inventory:

Hand Weapons
 a - a +0 hand axe
 d - the +2 war axe of Ragnarok (weapon) {chop, rPois Str+2}
   (You bought it in a shop on level 4 of the Dungeon)

   It inflicts extra damage upon your enemies.
   It affects your strength (+2).
   It protects you from poison.
 m - a +0 club
 r - a +1 dagger of electrocution
 u - a +0 club
 x - a +0 dagger
 y - a +0 war axe
 B - a +0 giant club
 D - a +2 trident of venom
 G - a +3 flail of crushing
 P - a +3 battleaxe
 R - a +2 battleaxe of freezing
Armour
 b - a +0 animal skin
 j - a +0 leather armour
 M - a +0 plate armour (worn)
 O - a +0 cloak (worn)
Jewellery
 f - a +4 ring of protection (left hand)
 o - a ring of positive energy (right hand)
 p - an uncursed ring of fire
Wands
 q - a wand of enslavement (8)
 J - a wand of polymorph (8)
Scrolls
 g - a scroll of fear
 s - 2 scrolls of remove curse
 t - a scroll of magic mapping {unknown}
 v - 2 scrolls of fog {unknown}
 w - 2 scrolls of enchant weapon {unknown}
 E - 3 scrolls of teleportation
 F - 7 scrolls of identify
 H - a scroll of silence {unknown}
 L - a scroll of holy word {unknown}
 N - 3 scrolls of random uselessness {unknown}
Potions
 e - 2 potions of haste {unknown}
 i - 3 potions of resistance
 k - 5 potions of degeneration
 l - a potion of cancellation {unknown}
 n - a potion of mutation {unknown}
 z - 5 potions of curing
 A - 4 potions of heal wounds {unknown}
 C - 2 potions of agility {unknown}
 I - 2 potions of brilliance {unknown}
 K - 2 potions of flight {unknown}
 Q - 2 potions of magic {unknown}
Comestibles
 c - 19 rations
 h - 58 chunks of flesh


   Skills:
 * Level 11.1 Fighting
 * Level 11.0 Axes
 * Level 10.8 Armour
 + Level 7.3 Dodging


You had 9 spell levels left.
You didn't know any spells.
Your spell library was empty.

Dungeon Overview and Level Annotations

Branches:
Dungeon (8/15)             Temple (0/1) D:6
   Lair: D:8-11

Altars:
Dithmenos
Elyvilon
Makhleb
Qazlal
Trog

Shops:
D:4 *[*(%   D:7 }

Annotations:
D:7 1 runed translucent door, kaladindcss's ghost, novice HOFi


Innate Abilities, Weirdness & Mutations

You reflexively headbutt those who attack you in melee.
You have a pair of horns on your head.


Message History

Your plate armour prevents you from hitting the orc warlord.
The orc warlord is severely wounded.
You hit the orc warrior. You slash the orc warrior!
You kill the orc warrior!
Trog accepts your kill.
Your Axes skill increases to level 11!
The orc warrior no longer looks unusually strong.
The orc warrior barely misses you.
The orc warlord hits you with a +2 battleaxe!!
* * * LOW HITPOINT WARNING * * *
You slash the orc warlord!
The orc warlord is almost dead.
You hit the orc warrior. x2
You feel the effects of Trog's Hand fading.
The orc warlord no longer looks unusually strong.
The orc warrior barely misses you.
The orc warrior hits you with a +0 broad axe!
* * * LOW HITPOINT WARNING * * *
The orc warlord hits you with a +2 battleaxe!!
You die...

#...........#..........
#...........#.....)).).
###.........###....).)..
###.#'#.....###.###..)..#'
###...))###.###....
###.###.
##.........###......
###...
#..........8##...... #....
#..........8#oo..... #....
#∩....⌠.....@oo..... #....
#..........8#oo..... #....
#..........8##o..... #....
##.........###...... ##...
###.....###.###.... ###.
###.#'#.....###.# #+
###))....... # #..........
#..........


You could see an orc warlord, 4 orc warriors and 2 orcs.

Vanquished Creatures
  Harold (D:7)
  A two-headed ogre (D:8)
  An orc knight (Bailey)
  Psyche (D:8)
  Sigmund (D:2)
  A human (D:7)
  A yak (D:7)
  3 hogs (D:7)
  Grum (D:8)
  Edmund (D:6)
  6 orc warriors
  A black bear (D:6)
  An eye of draining (D:8)
  A phantom (D:3)
  7 ogres
  4 wolves (D:8)
  A centaur (D:7)
  Blork the orc (D:5)
  2 scorpions (D:6)
  6 killer bees (D:8)
  7 wights
  A howler monkey (D:6)
  2 bullfrog zombies
  2 crimson imps
  3 hounds
  A quasit (D:6)
  A jelly (D:6)
  Crazy Yiuf (D:7)
  A centaur skeleton (D:6)
  A bullfrog skeleton (D:5)
  2 iguanas
  3 orc wizards
  6 worker ants
  Robin (D:3)
  5 gnolls (Bailey)
  11 adders
  An ooze (D:6)
  An adder skeleton (D:4)
  2 adder zombies
  4 worms
  2 dart slugs (D:1)
  5 leopard geckos
  40 orcs
  7 giant cockroaches
  30 goblins
  23 hobgoblins
  22 jackals
  5 quokkas
  A ball python (D:1)
  7 bats
  6 frilled lizards
  8 kobolds
  A quokka skeleton (D:6)
  A quokka zombie (D:5)
  10 rats
  3 fungi (D:7)
269 creatures vanquished.

Notes
Turn   | Place    | Note
-------+----------+-------------------------------------------
     0 | D:1      | Kuinu the Minotaur Berserker began the quest for the Orb.
     0 | D:1      | Reached XP level 1. HP: 19/19 MP: 0/0
   277 | D:1      | Reached XP level 2. HP: 18/27 MP: 1/1
   738 | D:2      | Reached XP level 3. HP: 32/33 MP: 2/2
   749 | D:2      | Reached ** piety under Trog
   843 | D:2      | Reached XP level 4. HP: 15/41 MP: 3/3
  1243 | D:2      | Noticed Sigmund
  1251 | D:2      | Killed Sigmund
  1251 | D:2      | Reached skill level 5 in Fighting
  1251 | D:2      | Reached skill level 5 in Axes
  1251 | D:2      | Reached XP level 5. HP: 44/48 MP: 4/4
  1262 | D:2      | Noticed an air elemental
  1264 | D:2      | Found a stormy altar of Qazlal.
  1265 | D:2      | Noticed a water elemental
  1265 | D:2      | Noticed a fire elemental
  1472 | D:3      | Reached XP level 6. HP: 56/56 MP: 5/5
  1485 | D:3      | Noticed Robin
  1493 | D:3      | Killed Robin
  1694 | D:3      | Reached *** piety under Trog
  1774 | D:3      | Reached skill level 5 in Armour
  1947 | D:3      | Reached XP level 7. HP: 28/62 MP: 6/6
  2584 | D:4      | Found Honibet's Antique Weapon Emporium.
  2584 | D:4      | Found Qiotuyfefia's Assorted Antiques.
  2588 | D:4      | Found Bekurr's Assorted Antiques.
  2590 | D:4      | Found Ulle's Armour Emporium.
  2828 | D:4      | You fall into a shaft and drop 2 floors!
  2852 | D:6      | Reached XP level 8. HP: 71/71 MP: 7/7
  2858 | D:6      | Reached **** piety under Trog
  2879 | D:6      | Noticed Edmund
  2888 | D:6      | Killed Edmund
  2985 | D:5      | Entered Level 5 of the Dungeon
  3097 | D:5      | Found a shadowy altar of Dithmenos.
  3234 | D:4      | Found Angin's Food Emporium.
  3242 | D:4      | Reached skill level 5 in Dodging
  3259 | D:4      | Found a burning altar of Makhleb.
  3259 | D:4      | Noticed an Executioner
  3580 | D:4      | Bought a brightly glowing war axe for 221 gold pieces
  3580 | D:4      | Identified the cursed +2 war axe of Ragnarok {chop, rPois
                  | Str+2} (You bought it in a shop on level 4 of the Dungeon)
  3755 | D:5      | Noticed Blork the orc
  3761 | D:5      | Killed Blork the orc
  3776 | D:5      | Reached XP level 9. HP: 60/82 MP: 8/8
  4253 | D:6      | Found a staircase to the Ecumenical Temple.
  4439 | D:7      | Found a runed translucent door.
  4439 | D:7      | Noticed kaladindcss's ghost (novice HOFi)
  4506 | D:7      | Noticed Harold
  4518 | D:7      | Killed Harold
  4552 | D:7      | Reached ***** piety under Trog
  4606 | D:7      | Found a white marble altar of Elyvilon.
  4692 | D:7      | Found Plog's Gadget Shoppe.
  5009 | D:7      | Found a bloodstained altar of Trog.
  5209 | D:7      | Found a runed translucent door.
  5210 | D:7      | Noticed Crazy Yiuf
  5216 | D:7      | Killed Crazy Yiuf
  5309 | D:8      | Noticed a two-headed ogre
  5314 | D:8      | Killed a two-headed ogre
  5314 | D:8      | Reached skill level 10 in Fighting
  5314 | D:8      | Reached skill level 10 in Axes
  5314 | D:8      | Reached XP level 10. HP: 93/93 MP: 1/9
  5349 | D:8      | Reached skill level 10 in Armour
  5424 | D:8      | Noticed Psyche
  5425 | D:8      | Found a flagged portal.
  5427 | D:8      | Noticed Grum
  5436 | D:8      | Killed Psyche
  5439 | D:8      | Killed Grum
  5453 | Bailey   | Entered a bailey
  5685 | Bailey   | Received a gift from Trog
  5793 | Bailey   | Received a gift from Trog
  5876 | Bailey   | Noticed an orc warlord
  5876 | Bailey   | Noticed an orc knight
  5894 | Bailey   | Killed an orc knight
  5902 | Bailey   | Slain by an orc warlord

Levels and vault maps discovered:
D:1:      dpeg_arrival_yet_another_circle, layout_basic, dk_noncrumbling_2,
          chequers_serial_rivers_marsh
D:2:      kennysheep_big_flooded_room, layout_basic,
          nicolae_qazlal_style_of_elements, minmay_misc_feat_five,
          minmay_stone_trees_medium, uniq_sigmund
D:3:      layout_basic, uniq_robin
D:4:      layout_basic, makhleb_altar_promises_db, first_ration, serial_shops,
          shop, hangedman_decor_clover_reticule, minmay_shop_grid_forest,
          chequers_avenue
D:5:      layout_basic, marbit_many_paths, sword_in_stone
D:6:      layout_cave_pools, minmay_temple_entry_drinking_statues, uniq_edmund
D:7:      layout_loops_ring, lightli_temple_of_fire, kennysheep_mini_moat,
          hellmonk_ghost_happy_afterlife, serial_shops, shop,
          palyth_stone_intersect, grunt_livestock, uniq_harold,
          uniq_crazy_yiuf_cottage
D:8:      wad_pebble_path, layout_basic, lair_entry_dummy, enter_bailey_2,
          minmay_between, uniq_pikel, uniq_psyche, uniq_grum
Bailey:   bailey_axe_minmay_hex_keep, bailey

Skill      XL: |  1  2  3  4  5  6  7  8  9 10 |
---------------+-------------------------------+-----
Axes           | 4 5 6 8 10 11 | 11.0
Fighting       | 4 5 6 8 10 11 | 11.1
Armour         | 3 4 5 6 7 9 10 | 10.8
Dodging        | 3 4 5 6 7 |  7.3

Action                   |  1- 3 |  4- 6 |  7- 9 | 10-12 || total
-------------------------+-------+-------+-------+-------++-------
Melee: Hand axe          |    81 |   106 |       |       ||   187
       Headbutt          |    17 |    20 |    56 |    24 ||   117
       War axe           |       |    14 |   233 |   131 ||   378
Invok: Berserk           |       |     1 |     4 |     2 ||     7
       Trog's Hand       |       |     1 |       |     1 ||     2
  Use: Scroll            |     3 |       |     5 |       ||     8
  Eat: Chunk             |       |     5 |    13 |     4 ||    22
Armor: Animal skin       |     1 |       |       |       ||     1
       Leather armour    |    18 |       |       |       ||    18
       Plate armour      |       |    80 |   167 |    71 ||   318
Dodge: Dodged            |    48 |    42 |   110 |    53 ||   253

Table legend:
 A = Non-vault XP
 B = Vault XP
 C = Vault XP percentage of total XP
 D = Non-vault monster count
 E = Vault monster count
 F = Vault count percentage of total count
                 A         B        C        D         E       F
            +---------+---------+-------+---------+---------+-------
      Total |    4246 |    5476 |  56.3 |     178 |      88 |  33.1
            +---------+---------+-------+---------+---------+-------
        D:1 |      40 |       0 |   0.0 |      23 |       0 |   0.0
        D:2 |      97 |     223 |  69.7 |      27 |       3 |  10.0
        D:3 |     398 |      36 |   8.3 |      38 |      12 |  24.0
        D:4 |     385 |       0 |   0.0 |      24 |       0 |   0.0
        D:5 |     474 |     341 |  41.8 |      21 |       5 |  19.2
        D:6 |     910 |     162 |  15.1 |      22 |       1 |   4.3
        D:7 |     228 |    2056 |  90.0 |       6 |       7 |  53.8
        D:8 |    1714 |    1206 |  41.3 |      17 |       7 |  29.2
     Bailey |       0 |    1452 | 100.0 |       0 |      53 | 100.0
            +---------+---------+-------+---------+---------+-------
